 Dungeon Crawl Stone Soup version 0.21.0-3-g78d12a8 (webtiles) character file.

105 komo4ek the Caller (level 5, -3/37 HPs)
             Began as a Human Summoner on Jan 14, 2018.
             Slain by Sigmund
             ... wielding a +2 scythe of protection
              (6 damage)
             ... on level 2 of the Dungeon.
             The game lasted 00:08:09 (2992 turns).

komo4ek the Caller (Human Summoner)                 Turns: 2992, Time: 00:08:10

Health: -3/37      AC:  2    Str:  8    XL:     5   Next: 9%
Magic:  6/8        EV: 12    Int: 17    God:
Gold:   135        SH:  0    Dex: 13    Spells: 4/8 levels left

rFire    . . .     SeeInvis .   r - +0 dagger (venom)
rCold    . . .     Gourm    .   (no shield)
rNeg     . . .     Faith    .   a - +0 robe
rPois    .         Spirit   .   (no helmet)
rElec    .         Reflect  .   (no cloak)
rCorr    .         Harm     .   (no gloves)
MR       +....                  (no boots)
Stlth    ++........             (no amulet)
HPRegen  0.12/turn              t - ring of protection from magic
MPRegen  0.11/turn              (no ring)

@: no status effects
A: no striking features
a: no special abilities


You were on level 2 of the Dungeon.
You were very hungry.

You visited 1 branch of the dungeon, and saw 3 of its levels.

You collected 135 gold pieces.

Inventory:

Hand Weapons
 d - a +0 club
 r - a +0 dagger of venom (weapon)
Missiles
 j - 2 javelins (quivered)
Armour
 a - a +0 robe (worn)
Jewellery
 h - an uncursed ring of ice
 t - a ring of protection from magic (left hand)
Scrolls
 e - a scroll of fog {unknown}
 g - 2 scrolls of remove curse
 i - 2 scrolls of enchant armour {unknown}
 l - 2 scrolls of teleportation {unknown}
 n - 2 scrolls of identify {unknown}
 o - a scroll of fear {unknown}
 s - a scroll of noise {unknown}
Potions
 f - a potion of curing {unknown}
 k - a potion of agility {unknown}
 m - 2 potions of lignification {unknown}
 p - a potion of invisibility {unknown}
 q - a potion of brilliance {unknown}
 v - a potion of ambrosia {unknown}
Books
 b - a book of Callings

   Spells                             Type                      Level
   a - Summon Small Mammal            Summoning                    1
   b - Call Imp                       Summoning                    2
   c - Call Canine Familiar           Summoning                    3
   d - Summon Guardian Golem          Hexes/Summoning              3
   e - Summon Lightning Spire         Summoning/Air                4
   f - Summon Ice Beast               Ice/Summoning                4
Comestibles
 c - 3 rations


   Skills:
 + Level 1.1 Fighting
 + Level 0.3 Short Blades
 + Level 0.9 Maces & Flails
 + Level 0.5 Throwing
 - Level 2.0 Dodging
 - Level 2.0 Stealth
 + Level 0.1 Unarmed Combat
 - Level 2.0 Spellcasting
 + Level 5.5 Summonings


You had 4 spell levels left.
You knew the following spells:

 Your Spells              Type           Power        Failure   Level  Hunger
a - Summon Small Mammal   Summ           ###.         1%          1    #......
b - Call Canine Familiar  Summ           ###.....     6%          3    ###....


Dungeon Overview and Level Annotations

Branches:
Dungeon (3/15)

Altars:

Annotations:
D:3 Sigmund


Message History

Your hound bites something but does no damage.
You hit something but do no damage.
Your hound bites something but does no damage.
Something hits you.
Your hound bites something but does no damage.
You completely miss something.
Your hound bites something.
Something hits you.
You closely miss something.
Your hound barely misses something. x2
You closely miss something.
Your hound closely misses something.
Something hits you!
* * * LOW HITPOINT WARNING * * *
Your hound completely misses something.
Something hits you.
* * * LOW HITPOINT WARNING * * *
Your hound bites something but does no damage.
You climb upwards.
There is a stone staircase leading down here.
You start resting.
Something hits you.
* * * LOW HITPOINT WARNING * * *
You start resting.
Something hits you.
You die...

###### ## #....#
###.
########....###...
#@.....+.........†
#.####.#..........
###.####...........#
#.........#.#......#
#.#.####..#.#......#
#.#....†..#.#.......
#.#........[..##+#..
#....†##.##)####.#..
###..............'..


There were no monsters in sight!

Vanquished Creatures
  An orc priest (D:3)
  A worm (D:2)
  A dart slug (D:2)
  A giant cockroach (D:2)
  3 goblins
  A hobgoblin (D:2)
  4 jackals (D:2)
  A quokka (D:3)
  6 bats
  2 frilled lizards
  A kobold (D:1)
  4 rats
26 creatures vanquished.

Vanquished Creatures (collateral kills)
  An orc wizard (D:3)
  An adder (D:3)
  2 leopard geckos
  3 orcs (D:3)
  2 giant cockroaches (D:2)
  4 goblins
  2 hobgoblins (D:2)
  6 jackals (D:2)
  3 kobolds
  A bat (D:2)
  3 frilled lizards
  3 rats
31 creatures vanquished.

Grand Total: 57 creatures vanquished

Notes
Turn   | Place    | Note
-------+----------+-------------------------------------------
     0 | D:1      | komo4ek the Human Summoner began the quest for the Orb.
     0 | D:1      | Reached XP level 1. HP: 13/13 MP: 3/3
   329 | D:1      | Reached XP level 2. HP: 16/19 MP: 1/5
  1387 | D:2      | Reached XP level 3. HP: 18/24 MP: 4/6
  1392 | D:2      | Learned a level 3 spell: Call Canine Familiar
  1849 | D:2      | Reached skill level 5 in Summonings
  2147 | D:3      | Reached XP level 4. HP: 10/31 MP: 4/7
  2668 | D:3      | Noticed Sigmund
  2707 | D:3      | Reached skill level 1 in Fighting
  2707 | D:3      | Reached XP level 5. HP: 4/37 MP: 1/8
  2992 | D:2      | Slain by Sigmund

Skill      XL: |  1  2  3  4 |
---------------+-------------+-----
Summonings     | 5 |  5.5
Fighting       | 1 |  1.1
Short Blades   | |  0.3
Maces & Flails | |  0.9
Throwing       | |  0.5
Dodging        | |  2.0
Stealth        | |  2.0
Unarmed Combat | |  0.1
Spellcasting   | |  2.0

Action                   |  1- 3 |  4- 6 || total
-------------------------+-------+-------++-------
Melee: Unarmed           |    17 |       ||    17
       Club              |    97 |       ||    97
       Dagger            |     9 |    26 ||    35
Throw: Javelin           |     4 |       ||     4
 Cast: Summon Small Mamm |    20 |       ||    20
       Call Canine Famil |     6 |     7 ||    13
  Use: Scroll            |       |     1 ||     1
 Stab: Sleeping          |     6 |     1 ||     7
  Eat: Chunk             |     5 |     2 ||     7
Armor: Robe              |    47 |     1 ||    48
Dodge: Dodged            |   137 |    18 ||   155
